 Dungeon Crawl Stone Soup version 0.30-b1-2-g02819fbbbe (webtiles) character file.

Game seed: 7659355154504841845

16 Alarkh the Vexing (level 2, 21/21 HPs)
             Began as a Demonspawn Hexslinger on July 8, 2023.
             Got out of the dungeon alive.
             The game lasted 00:00:31 (515 turns).

Alarkh the Vexing (Demonspawn Hexslinger)            Turns: 515, Time: 00:00:32

Health: 21/21      AC:  2    Str: 10    XL:     2   Next: 37%
Magic:  3/3        EV: 12    Int: 14    God:
Gold:   42         SH:  0    Dex: 13    Spells: 2/3 levels left

rFire   . . .        a - +1 sling
rCold   . . .        (no shield)
rNeg    . . .        c - +0 robe
rPois   .            (helmet restricted)
rElec   .            (no cloak)
rCorr   .            (no gloves)
SInv    .            (no boots)
Will    .....        (no amulet)
Stlth   +            (no ring)
HPRegen 0.23/turn    (no ring)
MPRegen 0.08/turn

%: no passive effects
@: no status effects
A: horns 1
a: no special abilities


You escaped.
You visited 1 branch of the dungeon, and saw 2 of its levels.

You collected 42 gold pieces.

Inventory:

Hand Weapons
 a - a +1 sling (weapon)
Armour
 c - a +0 robe (worn)
Scrolls
 b - a scroll of poison
 e - a scroll of identify {unknown}
 g - a scroll of noise {unknown}
Potions
 d - a potion of heal wounds {unknown}
 f - 2 potions of might {unknown}


   Skills:
 + Level 1.5 Fighting
 * Level 2.5 Ranged Weapons
 - Level 1.7 Dodging
 - Level 1.0 Spellcasting
 - Level 3.0 Hexes


You had 2 spell levels left.
You knew the following spells:

 Your Spells              Type           Power      Damage    Failure   Level
a - Slow                  Hex            36%        N/A       8%          1

Your spell library contained the following spells:

 Spells                   Type           Power      Damage    Failure   Level
 Shock                    Conj/Air       0%         1d3       26%         1
 Inner Flame              Hex/Fire       4%         N/A       38%         3
 Portal Projectile        Hex/Tloc       8%         N/A       38%         3
 Cause Fear               Hex            4%         N/A       58%         4
 Swiftness                Air            0%         N/A       61%         3
 Airstrike                Air            0%         2d(0-16)  95%         4


Dungeon Overview and Level Annotations

Branches:
Dungeon (2/15)

Altars:


Innate Abilities, Weirdness & Mutations

You have a pair of small horns on your head.


Message History

You shoot a sling bullet.
The sling bullet hits the giant cockroach.
The giant cockroach is severely wounded.
You shoot a sling bullet.
The sling bullet hits the giant cockroach.
You kill the giant cockroach!
No target in view!
You see here a giant cockroach corpse.
Found a stone staircase leading down.
Found 4 poisoned darts.
You now have 42 gold pieces (gained 1).
You see here a ball python corpse.
You see here a frilled lizard corpse.
You open the door.
Key pressed, stopping explore.
As you open the door, it creaks loudly!
There is an open door here.
You see here a +0 mace.
You open the door.
Found a stone staircase leading down.
You open the door.
Done exploring.
Done exploring.
Done exploring.
Done exploring.
No target in view!
(D) Dungeon
Where to? (? - help)
There is a stone staircase leading down here.
You climb downwards.
There is a stone staircase leading up here.
You climb upwards.
There is a stone staircase leading down here.
There is a staircase leading out of the dungeon here.
Are you sure you want to leave the Dungeon?
This will make you lose the game! [Y]es or [N]o only, please.
Are you sure you want to leave the Dungeon?
This will make you lose the game!
Alright, then stay!
Are you sure you want to leave the Dungeon?
This will make you lose the game!
You have escaped!

.#....###...~~~≈.~~~≈..#
.#..........~~~~.≈~~~..#
.#..........~~~~.~~~~..#
.#....####..~~~~.≈~~~..#
............≈~≈~.~≈~~..#
.##.#####...~≈~~.~≈~~..#
.......##...P~~...~~P.##
.......+..............#
...#...###......@.....#
.......# #............#
.......###..P~~...~~P.#
............~≈~~.~≈≈~.#
....(.......~≈≈~.≈≈≈~.#
............~~~≈.~~~~.#
....#.....#.~~~≈.~~~~.#
....#.....#.≈~~~.~~~~.#
###.........≈~~~.≈~~~.#


There were no monsters in sight!

Vanquished Creatures
  2 endoplasms (D:1)
  2 giant cockroaches (D:1)
  A goblin (D:1)
  A hobgoblin (D:1)
  A quokka (D:1)
  3 ball pythons (D:1)
  2 bats (D:1)
  A frilled lizard (D:1)
  A rat (D:1)
14 creatures vanquished.

Notes
Turn   | Place    | Note
-------+----------+-------------------------------------------
     0 | D:1      | Alarkh the Demonspawn Hexslinger began the quest for the
                  | Orb.
     0 | D:1      | Reached XP level 1. HP: 15/15 MP: 2/2
   152 | D:1      | Gained mutation: You have a pair of small horns on your
                  | head. [demonic ancestry]
   152 | D:1      | Reached XP level 2. HP: 21/21 MP: 3/3
   515 | D:$      | Got out of the dungeon alive.

Illustrated notes

Levels and vault maps discovered:
D:1:      giann_bridges, layout_basic
D:2:      layout_loops_corners, grunt_decor_one_mirror, minmay_tromino_v2,
          uniq_natasha

Skill      XL: |  1 |
---------------+----+-----
Ranged Weapons | 2 |  2.5
Fighting       | |  1.5
Dodging        | |  1.7
Spellcasting   | |  1.0
Hexes          | |  3.0

Action                     || total
---------------------------++-------
   Fire: Sling             ||    47
 Armour: Robe              ||     3
  Dodge: Dodged            ||    13
